 Dungeon Crawl Stone Soup version 0.27-a0-323-gbd089401bb (webtiles) character file.

Game seed: 14144058941532563446

1075 gimp the Caller (level 8, -6/69 HPs)
             Began as a Tengu Transmuter on Feb 11, 2021.
             Shot with an arrow by a centaur (9 damage)
             ... on level 5 of the Dungeon.
             The game lasted 00:15:53 (6728 turns).

gimp the Caller (Tengu Transmuter)                  Turns: 6728, Time: 00:15:53

Health: -6/69      AC:  7    Str: 10    XL:     8   Next: 29%
Magic:  17/17      EV: 14    Int: 16    God:
Gold:   168        SH:  0    Dex: 15    Spells: 5/17 levels left

rFire    + . .     SeeInvis .   k - +2 dagger (venom)
rCold    . . .     Faith    .   (no shield)
rNeg     . . .     Spirit   .   e - +0 ring mail {rF+}
rPois    .         Reflect  .   (helmet restricted)
rElec    .         Harm     .   (no cloak)
rCorr    +         Rampage  .   f - +1 pair of gloves
Will     .....                  (boots unavailable)
Stlth    ..........             (no amulet)
HPRegen  0.21/turn              g - ring of resist corrosion
MPRegen  0.15/turn              (no ring)

@: brilliant, berserking (expiring), flying quickly and evasively, very quick
A: beak, talons 3, able to fly
a: Stop Flying


You were on level 5 of the Dungeon.
You visited 1 branch of the dungeon, and saw 5 of its levels.

You collected 168 gold pieces.

Inventory:

Hand Weapons
 k - a +2 dagger of venom (weapon)
Missiles
 h - 14 poisoned darts
Armour
 e - a +0 ring mail of fire resistance (worn)
 f - a +1 pair of gloves (worn)
Jewellery
 g - a ring of resist corrosion (left hand)
Wands
 b - a wand of polymorph (7)
Scrolls
 c - 2 scrolls of amnesia
 d - 2 scrolls of teleportation {unknown}
 m - 3 scrolls of fog {unknown}
 p - a scroll of fear
Potions
 i - 2 potions of attraction
 j - a potion of might
 n - a potion of invisibility


   Skills:
 - Level 3.0 Fighting
 - Level 2.3 Armour
 + Level 4.3 Dodging
 - Level 3.2 Unarmed Combat
 + Level 5.4 Spellcasting
 * Level 6.4 Summonings
 - Level 1.5 Transmutations


You had 5 spell levels left.
You knew the following spells:

 Your Spells              Type           Power        Failure   Level
a - Beastly Appendage     Tmut           28%          19%         1
b - Call Canine Familiar  Summ           37%          8%          3
c - Summon Ice Beast      Ice/Summ       21%          69%         4
d - Summon Lightning Spi  Summ/Air       21%          69%         4

Your spell library contained the following spells:

 Spells                   Type           Power        Failure   Level
 Summon Small Mammal      Summ           100%         2%          1
 Call Imp                 Summ           37%          4%          2
 Wereblood                Tmut           14%          28%         2
 Summon Guardian Golem    Hex/Summ       21%          30%         3
 Spider Form              Tmut/Pois      5%           63%         3
 Ice Form                 Ice/Tmut       10%          95%         4
 Blade Hands              Tmut           7%           99%         5


Dungeon Overview and Level Annotations

Branches:
Dungeon (5/15)
 Temple: D:4-7

Altars:
Dithmenos


Innate Abilities, Weirdness & Mutations

You have a beak for a mouth.
You have claws for feet.
You can fly continuously.


Message History

You hit the centaur but do no damage. Your peck misses the centaur.
The centaur is heavily wounded.
The centaur barely misses you. The white imp closely misses you.
You barely miss the centaur. You claw the centaur.
The centaur is severely wounded.
The centaur closely misses you. The white imp gestures at you.
The puff of frost hits you but does no damage.
The centaur hits you but does no damage.
It was a potion of brilliance.
You feel clever all of a sudden. The centaur hits you.
The white imp closely misses you.
You take 5 damage, and have 16/46 hp.
You hit the centaur. Your kick misses the centaur.
The centaur is almost dead.
The centaur hits you but does no damage.
The white imp misses you. The centaur hits you.
You take 2 damage, and have 14/46 hp.
You hit the centaur but do no damage. You claw the centaur, but do no damage.
The centaur is almost dead.
You kill the centaur!
The white imp gestures at you. The puff of frost hits you!
* * * LOW HITPOINT WARNING * * *
You take 10 damage, and have 4/46 hp.
MASSIVE DAMAGE!!
It was a potion of berserk rage.
A red film seems to cover your vision as you go berserk!
You feel yourself moving faster!
You feel mighty! The white imp gestures at you. The puff of frost hits you.
* * * LOW HITPOINT WARNING * * *
You now have 2/69 hp.
You puncture the white imp!
You kill the white imp!
You feel a strong urge to attack something.
A centaur comes into view.
The centaur shouts!
The centaur wields a +0 shortbow.
The centaur shoots an arrow.
The arrow hits you!
You die...

#.# #> #.# #c #.# #. #.#
.## # #. #.# ... .# #.
#.# ..###.####c###.#
..8#.........).##########
....#.####......@..†....#
>..... #.############.#
†.8# # ... #.#
..##.##.... #.#
.....##.... #.#
........... #.###
.#.$....... ##...##
.#.#....... #(..<.#
.#.#.##... #.....#


You could see a centaur.

Vanquished Creatures
  Duvessa (D:4)
  An ogre (D:4)
  A centaur (D:5)
  A scorpion (D:4)
  Dowan (D:4)
  A howler monkey (D:3)
  A gnoll shaman (D:3)
  An orc priest (D:4)
  An iguana (D:5)
  5 worker ants
  6 orc wizards
  A worker ant zombie (D:5)
  6 gnolls
  10 adders
  A white imp (D:5)
  2 oozes
  An adder skeleton (D:4)
  4 worms (D:3)
  3 dart slugs
  5 leopard geckos
  15 orcs
  12 bats
  3 giant cockroaches
  11 goblins
  10 hobgoblins
  7 jackals
  4 quokkas
  2 ball pythons
  7 frilled lizards
  9 kobolds
  8 rats
141 creatures vanquished.

Notes
Turn   | Place    | Note
-------+----------+-------------------------------------------
     0 | D:1      | gimp the Tengu Transmuter began the quest for the Orb.
     0 | D:1      | Reached XP level 1. HP: 12/12 MP: 4/4
   287 | D:1      | Reached XP level 2. HP: 16/16 MP: 4/6
   815 | D:1      | Reached XP level 3. HP: 18/21 MP: 5/7
  1612 | D:2      | Reached XP level 4. HP: 20/27 MP: 7/9
  2550 | D:3      | Gained mutation: You can fly continuously. [Tengu growth]
  2550 | D:3      | Reached XP level 5. HP: 30/32 MP: 9/11
  2732 | D:3      | Reached skill level 1 in Armour
  3531 | D:3      | Learned a level 3 spell: Call Canine Familiar
  3539 | D:3      | Learned a level 4 spell: Summon Ice Beast
  3544 | D:3      | Learned a level 4 spell: Summon Lightning Spire
  3631 | D:4      | Found a shadowy altar of Dithmenos.
  3653 | D:4      | Reached skill level 1 in Summonings
  3774 | D:4      | Noticed Duvessa
  3774 | D:4      | Noticed Dowan
  3779 | D:4      | Noticed an ogre
  3840 | D:4      | Killed Dowan
  3841 | D:4      | Reached XP level 6. HP: 37/37 MP: 13/13
  3870 | D:4      | HP: 1/37 [something/magic dart (9)]
  4218 | D:4      | Reached skill level 2 in Summonings
  4454 | D:4      | Reached skill level 3 in Summonings
  4550 | D:4      | Reached XP level 7. HP: 25/41 MP: 14/14
  5116 | D:4      | Reached skill level 4 in Summonings
  5205 | D:4      | Killed Duvessa
  5206 | D:4      | Reached skill level 5 in Spellcasting
  5403 | D:4      | Reached skill level 5 in Summonings
  5717 | D:3      | Reached XP level 8. HP: 33/46 MP: 16/16
  6294 | D:4      | Reached skill level 6 in Summonings
  6315 | D:5      | Entered Level 5 of the Dungeon
  6724 | D:5      | HP: 2/69 [white imp/puff of frost (5)]
  6728 | D:5      | Shot with an arrow by a centaur

Illustrated notes

Levels and vault maps discovered:
D:1:      elethiomel_arrival_shortcut, layout_basic, glass_columns_b
D:2:      layout_loops_ring, minmay_pentomino_q4
D:3:      layout_basic
D:4:      layout_basic, overflow_temple_1_default, hangedman_decor_lopped,
          minmay_fractal_squares_5, uniq_duvessa
D:5:      layout_loops_ring, kennysheep_mini, st_stairs_6

Skill      XL: |  1  2  3  4  5  6  7  8 |
---------------+-------------------------+-----
Fighting       | 2 3 |  3.0
Spellcasting   | 3 4 5 |  5.4
Armour         | 2 |  2.3
Summonings     | 1 3 5 6 |  6.4
Dodging        | 3 4 |  4.3
Unarmed Combat | |  3.2
Transmutations | |  1.5

Action                   |  1- 3 |  4- 6 |  7- 9 || total
-------------------------+-------+-------+-------++-------
Melee: Unarmed           |    96 |    62 |       ||   158
       Peck              |    12 |    29 |    30 ||    71
       Kick              |    18 |    36 |    44 ||    98
       Headbutt          |     9 |    13 |       ||    22
       Punch             |     1 |     1 |     3 ||     5
       Dagger            |       |   118 |   163 ||   281
 Cast: Beastly Appendage |    26 |    17 |       ||    43
 Abil: Fly               |       |     1 |       ||     1
  Use: Scroll            |       |     3 |     5 ||     8
       Potion            |       |     1 |     2 ||     3
Armor: Robe              |     5 |       |       ||     5
       Ring mail         |    27 |    58 |    46 ||   131
Dodge: Dodged            |    60 |   101 |   138 ||   299

Table legend: (Time is in decaauts)
 A = Elapsed time spent in this place.
 B = Non-inter-level travel time spent in this place.
 C = Inter-level travel time spent in this place.
 D = Time resting spent in this place.
 E = Time spent auto-exploring this place.
 F = Levels seen in this place.
 G = Mean time per level.
                   A        B        C        D        E       F      G
               +--------+--------+--------+--------+--------+-----+--------+
         Total |   6633 |   6396 |    237 |   1446 |   3639 |   5 | 1326.6 |
       Dungeon |   6633 |   6396 |    237 |   1446 |   3639 |   5 | 1326.6 |
               +--------+--------+--------+--------+--------+-----+--------+

Top non-repeatable levels by time:
     D:3: 2321 daAuts
     D:4: 1511 daAuts
     D:1: 1476 daAuts
     D:2: 1160 daAuts
     D:5: 163 daAuts
